Map: Lost and Found LE

Players

Gemini

  • Race: Protoss Protoss
  • League: Master
  • Spawn Location: 7:00

A.I. 1 (Very Easy) - Winner!

  • Race: Zerg Zerg
  • Spawn Location: 1:00

VOD

Have the link to the VOD?

Description

Time

  • Played on: June 25, 2018, 1:33 a.m.
  • Length: 7:52
Show
View Real Time Build Order
Export as new Build Order

Gemini Protoss 

Build Orders: 1 Gate Expand, Oracle Opening, Phoenix Opening, Zealot Archon 

Get SALT Encoding   

  12  0:00  Probe  
  13  0:13  Probe  
  14  0:19  Pylon  
  14  0:25  Probe  
  15  0:33  Probe  
  15  0:40  Gateway  
  15  0:41  Probe  
  16  0:47  Assimilator  
  17  0:51  Probe  
  18  1:03  Probe  
  19  1:15  Probe  
  20  1:23  Nexus  
  20  1:34  Cybernetics Core  
  20  1:36  Probe  
  21  1:42  Assimilator  
  21  1:48  Probe  
  21  1:51  Pylon  
  22  2:00  Probe  
  23  2:01  Adept  
  23  2:12  Probe  
  26  2:21  Stargate  
  26  2:24  Probe  
  27  2:31  Probe  
  27  2:32  Warp Gate  
  27  2:34  Adept  
  27  2:36  Probe  
  31  2:39  Probe  
  32  2:49  Probe x2  
  34  2:57  Phoenix  
  34  3:01  Probe x2  
  38  3:13  Probe x2  
  38  3:14  Pylon  
  38  3:16  Oracle  
  40  3:20  Gateway  
  40  3:25  Probe x2  
  45  3:33  Assimilator  
  45  3:35  Assimilator  
  45  3:37  Probe x2  
  47  3:49  Probe, Robotics Facility  
  47  3:50  Probe  
  47  3:54  Pylon  
  49  4:01  Probe  
  49  4:02  Probe  
  51  4:04  Twilight Council  
  51  4:13  Probe  
  51  4:14  Probe  
  53  4:17  Pylon  
  53  4:25  Warp Prism, Probe, Gateway  
  53  4:27  Gateway  
  53  4:30  Pylon  
  56  4:38  Probe  
  56  4:39  Probe  
  56  4:41  Charge, Templar Archives  
  58  4:51  Zealot x2  
  62  5:03  Nexus  
  62  5:10  Pylon  
  62  5:18  Forge  
  62  5:20  Probe x2  
  64  5:23  High Templar x2  
  64  5:24  High Templar  
  64  5:25  High Templar  
  72  5:29  Archon x2  
  72  5:32  Probe x2  
  72  5:33  Observer  
  72  5:34  Psionic Storm  
  75  5:36  Gateway  
  75  5:37  Gateway  
  75  5:38  Shield Battery  
  75  5:44  Pylon, Probe x2  
  77  5:55  Protoss Ground Weapons Level 1  
  77  5:58  Probe x2, Immortal  
  79  6:07  Assimilator  
  83  6:12  Assimilator  
  83  6:15  Pylon  
  83  6:20  Probe x2  
  83  6:21  Probe  
  86  6:26  Gateway  
  86  6:27  Gateway  
  86  6:30  High Templar  
  86  6:31  High Templar  
  86  6:32  Probe x2  
  92  6:33  Probe  
  93  6:40  Immortal  
  93  6:43  High Templar  
  93  6:44  Probe x2  
  93  6:45  Probe  
  93  6:47  Pylon  
  98  6:48  Pylon  
  102  6:56  Probe x2  
  102  6:57  Probe  
  105  7:05  High Templar  
  107  7:08  Probe x2  
  107  7:09  Probe  
  107  7:10  Zealot x2  
  107  7:11  Immortal  
  107  7:12  Zealot x2  
  122  7:33  High Templar x2  
  126  7:39  Archon  
  126  7:43  Pylon, High Templar x2  
  130  7:44  Zealot  
  130  7:46  Nexus  
  130  7:49  Archon  
  130  7:50  Pylon x2  
Show
View Real Time Build Order
Export as new Build Order

A.I. 1 (Very Easy) Zerg - Winner!

Build Orders: Pool First 

Get SALT Encoding   

  12  0:00  Drone  
  13  0:12  Overlord  
  13  0:16  Drone  
  14  0:35  Spawning Pool  
  13  0:37  Extractor  
  13  0:39  Drone  
  13  0:47  Drone  
  14  0:52  Overlord  
  14  1:22  Zergling x2  
  14  1:24  Queen  
  17  1:31  Roach Warren  
  16  1:35  Drone  
  16  1:39  Extractor  
  16  1:42  Zergling x2  
  16  1:43  Drone  
  18  1:57  Drone  
  19  2:02  Zergling x2  
  19  2:08  Drone  
  21  2:18  Drone  
  23  2:30  Overlord, Drone  
  24  2:37  Drone  
  25  2:44  Drone  
  24  4:32  Drone  
  24  4:39  Drone  
  25  5:58  Lair, Overlord, Roach, Drone  
  28  6:05  Drone  
  28  6:12  Drone  
  27  6:20  Drone  
  28  6:26  Zergling x2  
  28  6:27  Drone  
  30  6:34  Drone  
  31  6:56  Queen, Overseer  
  31  6:57  Overseer  
  33  7:08  Roach  
  32  7:24  Hatchery  
Tags
 
Add a new tag
Caveats
  • Supply blocks, unpowered buildings, or Contaminate may cause inaccurate times.
  • Supply counts are checked every 10 seconds.